 Dungeon Crawl Stone Soup version 0.28.0-49-g6dfe1f597d (webtiles) character file.

Game seed: 2375393852682332318

2761 Peloso the Protected (level 9, -5/80 HPs)
             Began as a Minotaur Fighter on May 12, 2022.
             Killed from afar by Harold (11 damage)
             ... with a harpoon shot
             ... on level 7 of the Dungeon.
             The game lasted 00:13:59 (9362 turns).

Peloso the Protected (Minotaur Fighter)             Turns: 9362, Time: 00:14:00

Health: -5/80      AC: 14    Str: 23    XL:     9   Next: 42%
Magic:  8/8        EV:  7    Int:  5    God:
Gold:   411        SH:  5    Dex: 12    Spells: 8/8 levels left

rFire   . . .      SeeInvis .   a - +0 long sword
rCold   . . .      Faith    .   c - +0 buckler
rNeg    . . .      Spirit   .   j - +0 plate armour
rPois   .          Reflect  .   (helmet restricted)
rElec   .          Harm     .   (no cloak)
rCorr   .          Rampage  .   (no gloves)
Will    .....                   (no boots)
Stlth   ..........              (no amulet)
HPRegen 0.23/turn               i - ring of flight
MPRegen 0.11/turn               (no ring)

@: marked, flying
A: horns 2, retaliatory headbutt
a: no special abilities


You were on level 7 of the Dungeon.
You visited 2 branches of the dungeon, and saw 8 of its levels.
You also visited: Sewer.

You collected 411 gold pieces.

Inventory:

Hand Weapons
 a - a +0 long sword (weapon)
Armour
 c - a +0 buckler (worn)
 e - a +0 chain mail
 j - a +0 plate armour (worn)
Magical Staves
 b - a staff of fire
Jewellery
 i - a ring of flight (left hand)
Wands
 k - a wand of acid (7)
 m - a wand of flame (24)
Scrolls
 h - 3 scrolls of enchant armour
 l - 5 scrolls of teleportation
 o - 3 scrolls of fear {unknown}
 q - a scroll of noise
 r - 2 scrolls of amnesia {unknown}
 s - a scroll of brand weapon
 t - a scroll of vulnerability {unknown}
 u - a scroll of blinking {unknown}
Potions
 d - a potion of might
 f - 3 potions of resistance
 g - a potion of invisibility {unknown}
 n - 3 potions of curing
 p - 5 potions of flight
 v - a potion of heal wounds {unknown}
 w - a potion of lignification {unknown}


   Skills:
 + Level 7.7 Fighting
 + Level 9.4 Long Blades
 + Level 9.7 Armour
 + Level 2.0 Dodging
 + Level 0.4 Stealth
 + Level 6.2 Shields


You had 8 spell levels left.
You didn't know any spells.
Your spell library contained the following spells:

 Spells                   Type           Power      Damage    Failure   Level
 Sandblast                Erth           0%         2d4       100%        1
 Ensorcelled Hibernation  Hex/Ice        0%         N/A       100%        2
 Passwall                 Tmut/Erth      0%         N/A       100%        2
 Spider Form              Tmut/Pois      0%         N/A       100%        3
 Stone Arrow              Conj/Erth      0%         3d7       100%        3
 Anguish                  Hex/Necr       0%         N/A       100%        4


Dungeon Overview and Level Annotations

Branches:
Dungeon (7/15)             Temple (1/1) D:6           Sewer (visited)

Altars:
Ashenzari
Cheibriados
Dithmenos
Elyvilon
Fedhas
Gozag
Hepliaklqana
Kikubaaqudgha
Makhleb
Qazlal
Ru
Sif Muna
Trog
Uskayaw
Vehumet
Wu Jian
Xom
Zin
The Shining One

Annotations:
D:6 1 runed translucent door, 101zpm's ghost, weakling DjFE
D:7 Harold


Innate Abilities, Weirdness & Mutations

You have a pair of horns on your head.
You reflexively headbutt those who attack you in melee.


Message History

Harold fires a harpoon shot at you. The harpoon shot hits you.
You are yanked forward by the harpoon shot.
You hit Harold but do no damage. You headbutt Harold, but do no damage.
Harold is lightly wounded.
You block Harold's attack.
You slash Harold! You headbutt Harold, but do no damage.
Harold is lightly wounded.
You block Harold's attack.
You hit Harold.
Harold is moderately wounded.
Harold hits you but does no damage.
You barely miss Harold. You headbutt Harold.
Harold is moderately wounded.
Harold hits you with a +0 scimitar!!
You hit Harold.
Harold is moderately wounded.
Harold points at you and mumbles some strange words.
A sentinel's mark forms upon you.
You hit Harold. You headbutt Harold, but do no damage.
Harold is moderately wounded.
Harold hits you with a +0 scimitar!
You hit Harold but do no damage.
Harold is moderately wounded.
Harold hits you with a +0 scimitar!
You barely miss Harold. You headbutt Harold.
Harold is moderately wounded.
Harold gestures at you while chanting. The mark upon you grows brighter.
You slash Harold!
Harold is heavily wounded.
Harold hits you with a +0 scimitar!!
* * * LOW HITPOINT WARNING * * *
You hit Harold but do no damage.
Harold is heavily wounded.
Harold barely misses you.
Okay, then.
Harold fires a harpoon shot at you. The harpoon shot hits you!
You die...

#.#...... #.####.............#
#.#.......####.#..............#..
#.#...........................##.
#.#..>....##.....###..........##.
#.#..........###.# #...######..#.
..........#......# #..# ##...
..........#....### ##..## ...
................####....# ....
###....<........@.@.....# ..... #
##<.........###.......# ######
###.^##....#.. ......... ....##
.##.... ..######.# .#### .....###
# .# ..###. ## ## # #


You could see Harold.

Vanquished Creatures
  Grinder (D:4)
  A water moccasin (D:6)
  An ice beast (D:4)
  A sky beast (D:6)
  A black bear (D:5)
  3 ogres
  A necrophage (D:5)
  2 centaurs
  A phantom (D:5)
  A bullfrog (D:3)
  A kobold brigand (D:7)
  2 scorpions
  A water moccasin skeleton (D:5)
  3 howler monkeys
  3 centaur zombies
  An orc priest (D:3)
  2 hounds
  2 jellies
  A bullfrog skeleton (D:6)
  8 iguanas
  Ijyb (D:3)
  Terence (D:2)
  An orc wizard (D:3)
  Natasha (thrice) (D:3)
  A howler monkey zombie (D:6)
  3 gnolls (D:4)
  8 adders
  4 river rats
  A worm (Sewer)
  3 dart slugs
  15 orcs
  18 ball pythons
  15 bats
  2 bat zombies (D:6)
  5 endoplasms
  8 giant cockroaches
  9 goblins
  9 hobgoblins
  5 jackals
  10 kobolds
  6 quokkas
  5 frilled lizards
  8 rats
178 creatures vanquished.

Vanquished Creatures (others)
  A fungus (D:1)
  A plant (D:1)
2 creatures vanquished.

Grand Total: 180 creatures vanquished

Notes
Turn   | Place    | Note
-------+----------+-------------------------------------------
     0 | D:1      | Peloso the Minotaur Fighter began the quest for the Orb.
     0 | D:1      | Reached XP level 1. HP: 19/19 MP: 0/0
   212 | D:1      | Reached XP level 2. HP: 19/27 MP: 1/1
   338 | D:1      | Found a faded altar of an unknown god.
   543 | D:1      | Reached XP level 3. HP: 33/33 MP: 2/2
   877 | D:2      | Found an ornate altar of the Wu Jian Council.
   957 | D:2      | Noticed Terence
   966 | D:2      | Killed Terence
   967 | D:2      | Reached XP level 4. HP: 29/41 MP: 3/3
  1314 | D:2      | Reached skill level 5 in Armour
  1939 | D:3      | Reached XP level 5. HP: 47/47 MP: 4/4
  2289 | D:3      | Noticed Natasha
  2295 | D:3      | Killed Natasha
  2390 | D:3      | Noticed Natasha
  2395 | D:3      | Noticed Ijyb
  2403 | D:3      | Killed Natasha
  2408 | D:3      | HP: 2/47 [Ijyb/bolt of acid (24)]
  2411 | D:3      | Killed Ijyb
  2412 | D:3      | Reached XP level 6. HP: 2/55 MP: 5/5
  2755 | D:3      | Noticed Natasha
  2766 | D:3      | Killed Natasha
  3052 | D:3      | Found a shadowy altar of Dithmenos.
  3370 | D:3      | Reached skill level 5 in Fighting
  3571 | D:4      | Found a glowing drain.
  3578 | D:4      | Reached skill level 1 in Dodging
  3591 | D:4      | Noticed Grinder
  3594 | Sewer    | Entered a sewer
  4057 | Sewer    | Reached skill level 5 in Shields
  4566 | D:4      | Paralysed by Grinder for 7 turns
  4581 | D:4      | Killed Grinder
  4582 | D:4      | Reached skill level 5 in Long Blades
  4582 | D:4      | Reached XP level 7. HP: 15/61 MP: 6/6
  5321 | D:4      | Identified the +1 leather armour of Hedging {+Blink rElec
                  | rC+ Stlth-}
  5349 | D:4      | Found a shimmering blue altar of Sif Muna.
  5613 | D:5      | Entered Level 5 of the Dungeon
  5973 | D:4      | Reached XP level 8. HP: 30/70 MP: 7/7
  6333 | D:5      | Found a burning altar of Makhleb.
  7404 | D:6      | Reached XP level 9. HP: 75/79 MP: 8/8
  7488 | D:6      | Noticed 101zpm's ghost (weakling DjFE)
  7497 | D:6      | Found a runed translucent door.
  8210 | D:6      | Found a staircase to the Ecumenical Temple.
  8219 | Temple   | Entered the Ecumenical Temple
  8669 | D:6      | Found an ancient bone altar of Kikubaaqudgha.
  8909 | D:7      | Found a stormy altar of Qazlal.
  9076 | D:7      | Found a hazy altar of Hepliaklqana.
  9123 | D:7      | Found a hide-covered altar of Uskayaw.
  9299 | D:7      | Identified the +2 hand axe "Etomnij" {vorpal, Int+7}
  9350 | D:7      | Noticed Harold
  9362 | D:7      | Killed from afar by Harold

Illustrated notes

Levels and vault maps discovered:
D:1:      scummos_arrival_checkerplants, layout_loops_ring,
          dreamdust_ecumenical_altar_grove
D:2:      layout_rooms, basic_altar, glass_columns_c, hex_tiny,
          minmay_tromino_v2, uniq_terence
D:3:      minmay_angry_zag, layout_basic, general_overflow_altar,
          nrook_mini_vaults, st_stairs_13, uniq_natasha, uniq_ijyb,
          uniq_crazy_yiuf_cottage
D:4:      layout_loops_ring, mainiacjoe_overflow_six_doors_small,
          portal_sewer_entry_c, uniq_grinder
D:5:      layout_loops_ring, lemuel_tele_altar
D:6:      layout_rooms, lemuel_zombie_altar_kikubaaqudgha, temple_hall,
          hellmonk_ghost_happy_afterlife, grunt_ministairs_12, st_stairs_10
D:7:      layout_rooms, lemuel_doored_altar, nicolae_qazlal_scattered_showers,
          overflow_temple_1_default, uniq_menkaure, uniq_harold
Temple:   minmay_temple_forest_path

Skill      XL: |  1  2  3  4  5  6  7  8  9 |
---------------+----------------------------+-----
Armour         | 4 5 6 7 8 9 |  9.7
Fighting       | 4 5 7 |  7.7
Long Blades    | 3 4 5 6 8 9 |  9.4
Shields        | 4 5 6 |  6.2
Dodging        | 1 2 |  2.0
Stealth        | |  0.4

Action                   |  1- 3 |  4- 6 |  7- 9 || total
-------------------------+-------+-------+-------++-------
Melee: Long sword        |    69 |   220 |   269 ||   558
       Headbutt          |     5 |    31 |    58 ||    94
Evoke: Wand              |       |       |     1 ||     1
  Use: Potion            |     1 |     1 |       ||     2
       Scroll            |       |     2 |     4 ||     6
Armor: Scale mail        |    18 |       |       ||    18
       Chain mail        |    29 |   154 |    18 ||   201
       Plate armour      |       |       |   163 ||   163
Dodge: Dodged            |    33 |   111 |    97 ||   241
Block: Buckler           |    20 |    64 |    64 ||   148
